← All builds
Suicide front / Armada / Factory first / OBSERVED BUILD

Standard suicide front

Armada Suicide front build order · Supreme Isthmus

The role's baseline: Bot Lab at 0:21 then straight into reclaim-fed T1 bot production to contest the middle and hold until T2 arrives, with an Advanced Metal Extractor around 9:45.

#rush · 2057 distinct matches · 236 players · 72% of Armada Suicide front games · team won 59% of 2435 · Recently observed

HOW TO PLAY IT

Key timing: Bot Lab by 0:20

  1. Open with mex and lab-first to get Bot Lab up by 0:20.
  2. Expand mex and wind while lab pumps units toward middle.
  3. Push Sentry and early Rocketeer, Centurion to contest middle.
  4. Get T2 constructor out once Pond's boost lets you spare metal.
  5. Upgrade mex to Advanced Metal Extractor as you transition off T1 spam.

Phase by phase

TYPICAL OF ITS 2057 GAMES
  1. 1
  2. 2
  3. 3
PLAY THE OPENING

Follow the example game's first 6:00 step by step: what to build now, what comes next, and where it goes. At 1× it keeps pace with your own game.

  1. 1

    Bot Lab first

    Order
    1. Bot LabBot Lab done ~0:25, middle half 0:20–0:33

    Some games also: mex (44%)

  2. 2

    Bot Lab to 5:00

    Economy
    • Metal Extractor5Mex
    • Wind Turbine4Wind
    Builders
    • Construction Bot3 Con bot
    • Lazarus2 Lazarus
    Army
    • Sentry4 Sentry
    • Rocketeer16 Rocketeer
    • Tick2 Tick
    • Centurion1 Centurion
    Other
    • Radar Tower1 Radar Tower

    Some games also: pawn (37%) · con turret (34%)

    By 5:00 in all: 5 mex · 4 wind

    The example game in this phase · 35 steps
    1. Construction BotCon botfor Front
    2. Mexfor Front
    3. Wind ×2for Front
    4. Mexfor Front
    5. TickTick
    6. Mexfor Front
    7. Construction BotCon botfor Front
    8. SentrySentryfor Front
    9. Construction BotCon botfor Front
    10. LazarusLazarus
    11. Mexfor Front
    12. CenturionCenturion
    13. SentrySentryfor Front
    14. CenturionCenturion
    15. Mexfor Front
    16. SentrySentry
    17. RocketeerRocketeer ×2
    18. SentrySentry
    19. SentrySentryfor Front
    20. RocketeerRocketeerfor Front
    21. RocketeerRocketeer ×4
    22. RocketeerRocketeer ×2for Front
    23. SentrySentry
    24. RocketeerRocketeer
    25. Windfor Front
    26. Construction BotCon botfor Front
    27. CenturionCenturionfor Front
    28. Windfor Front
    29. RocketeerRocketeer
    30. RocketeerRocketeerfor Front
    31. RocketeerRocketeer
    32. CenturionCenturion
    33. RocketeerRocketeer ×3
    34. Radar TowerRadar Towerfor Front
    35. RocketeerRocketeer ×2
  3. 3

    5:00 to 10:00

    Economy
    • Metal Extractor1Mex
    • Wind Turbine15Wind
    Builders
    • Construction Turret2 Con turret
    • Lazarus2 Lazarus
    • Construction Bot1 Con bot
    Army
    • Sentry1 Sentry
    • Rocketeer8 Rocketeer

    Some games also: pawn (49%) · Radar Tower (46%) · tick (44%) · centurion (44%) · energy storage (42%) · eat Bot Lab (31%)

    By 10:00 in all: 6 mex · 21 wind · 1 energy storage · 2 con turret

    The example game in this phase · 27 steps
    1. RocketeerRocketeer
    2. RocketeerRocketeerfor Front
    3. Mex
    4. Windfor Front
    5. RocketeerRocketeerfor Front
    6. RocketeerRocketeer
    7. RocketeerRocketeerfor Front
    8. Con turretfor Front
    9. RocketeerRocketeer
    10. Windfor Front
    11. Energy storagefor Front
    12. PawnPawnfor Front
    13. TickTickfor Front
    14. PawnPawnfor Front
    15. TickTickfor Front
    16. PawnPawnfor Front
    17. TickTickfor Front
    18. PawnPawnfor Front
    19. TickTickfor Front
    20. PawnPawnfor Front
    21. TickTickfor Front
    22. PawnPawnfor Front
    23. TickTickfor Front
    24. Con turretfor Front
    25. PawnPawnfor Front
    26. TickTickfor Front
    27. PawnPawnfor Front

Counts are medians over the build's games: half of them build more, half fewer. The example game is Leohvm's (52 OS, 14/10/2026); pick another.

Team trades

IN AT LEAST 30% OF ITS GAMES

You hand over

Nothing regular.

You get

  • Tidal Generator4 Tidal from Pondfirst at 0:11 · in 68% of games
  • Advanced Construction Bot1 T2 con bot from Geo or Techfirst at 7:41 · in 57% of games

How it plays out

Typical game of this build, running totals by minute

Metal produced

010k20k
0:005:0010:0015:00

metal

Enemy metal destroyed

05k10k
0:005:0010:0015:00

metal

Own metal lost

05k10k
0:005:0010:0015:00

metal

2435 games.

Show as table
ByMetal produced: This buildEnemy metal destroyed: This buildOwn metal lost: This build
1:0023000
2:0088600
3:002007185130
4:003109643501
5:0041851352996
6:00535021831706
7:00654530602588
8:00775739373496
9:00903546934370
10:001040253145146
11:001188658585952
12:001357264076663
13:001539768757432
14:001729875038209
15:001926981248981
WHAT THE NUMBERS SAY

Standard Suicide front play wins a bit over half its games while taking the heaviest own losses of any role by 15:00.

  • + Produces 20142 metal by 15:00, highest of the front roles.
  • + First kill by 2:01 in all games, fastest contest of middle.
  • − Own metal lost hits 9178 by 15:00, more than enemy metal destroyed.
  • − Only 34% Rocketeer share shows army spread thin across many bot types.
THE EXAMPLE YOU ARE READING

Leohvm

52.3 OS · 14/10/2026

Open source match ↗

4 received units
115 metal received · 10372 energy received

Allied construction assistance is unknown. Timings are observations, not a promise of solo reproducibility.

Typical milestones

Bot Lab0:25Middle 50%: 0:20–0:33 · n=2427
Advanced Metal Extractor9:46Middle 50%: 8:50–10:59 · n=1759

Played most by

_X_265games of this buildPlatinumBlonde188games of this buildXad165games of this buildTrapCaT110games of this buildImmort80games of this build